 Dungeon Crawl Stone Soup version 0.22-a0-525-gf69a080 (webtiles) character file.

53 iamserjio the Insei (level 3, -2/19 HPs)
             Began as a Vine Stalker Skald on June 21, 2018.
             Slain by Menkaure (14 damage)
             ... on level 4 of the Dungeon.
             The game lasted 00:04:57 (509 turns).

iamserjio the Insei (Vine Stalker Skald)             Turns: 509, Time: 00:04:58

Health: -2/19      AC:  5    Str: 13    XL:     3   Next: 89%
Magic:  0/7        EV: 10    Int: 19    God:
Gold:   55         SH:  0    Dex: 13    Spells: 0/6 levels left

rFire    . . .     SeeInvis +     - Unarmed
rCold    . . .     Gourm    .   (no shield)
rNeg     . . .     Faith    .   e - +0 ring mail
rPois    .         Spirit   +   (no helmet)
rElec    .         Reflect  .   (no cloak)
rCorr    +         Harm     .   (no gloves)
MR       .....                  (no boots)
Stlth    +.........             (no amulet)
HPRegen  0.06/turn              d - ring of see invisible
MPRegen  0.10/turn              k - ring of resist corrosion

@: brilliant, infused
A: fangs 2, magic shield, antimagic bite, no potion heal 3, rot immunity
a: no special abilities


You were on level 4 of the Dungeon.
You were not hungry.

You visited 1 branch of the dungeon, and saw 4 of its levels.

You collected 55 gold pieces.

Inventory:

Armour
 a - a +0 leather armour
 e - a +0 ring mail (worn)
Jewellery
 b - a cursed ring of loudness {unknown}
 d - a ring of see invisible (left hand)
 k - a ring of resist corrosion (right hand)
Scrolls
 f - a scroll of magic mapping {unknown}
 j - 2 scrolls of remove curse {unknown}
Potions
 g - a potion of brilliance
 h - a potion of resistance
 i - a potion of magic
Comestibles
 c - 5 rations


   Skills:
 + Level 2.5 Fighting
 - Level 0.7 Armour
 - Level 1.5 Dodging
 * Level 3.5 Unarmed Combat
 - Level 2.1 Spellcasting
 - Level 3.0 Charms
 + Level 0.0 Necromancy


You couldn't memorise any spells.
You knew the following spells:

 Your Spells              Type           Power        Failure   Level  Hunger
a - Infusion              Chrm           ###.         1%          1    #......
b - Song of Slaying       Chrm           ###.....     1%          2    ##.....
c - Regeneration          Chrm/Necr      ###.......   7%          3    ###....

Your spell library contained the following spells:

 Spells                   Type           Power        Failure   Level  Hunger
 Apportation              Tloc           ##....       4%          1    #......
 Summon Small Mammal      Summ           ##..         4%          1    #......
 Animate Skeleton         Necr           N/A          4%          1    #......
 Confusing Touch          Hex            ##....       4%          1    #......
 Shroud of Golubria       Chrm/Tloc      ###.......   3%          2    ##.....
 Spectral Weapon          Hex/Chrm       ###.....     7%          3    ###....


Dungeon Overview and Level Annotations

Branches:
Dungeon (4/15)
 Temple: D:4-7

Altars:
Qazlal

Annotations:
D:4 Menkaure


Innate Abilities, Weirdness & Mutations

You have extremely sharp teeth.
When hurt, damage is shared between your health and your magic reserves.
Your bite disrupts and absorbs the magic of your enemies.
Potions cannot restore your health.
You are immune to rotting.


Message History

The crimson imp shouts, "Scamper hence, thou loggerheaded common-kissing wagtail!"
Menkaure closely misses you.
Casting: Infusion (safe; 1% risk of failure)
Confirm with . or Enter, or press ? or * to list all spells.
You don't have enough magic to cast that spell.
You hit Menkaure.
Menkaure is lightly damaged.
You hit Menkaure!
Menkaure is heavily damaged.
Menkaure hits you but does no damage.
Your ring mail prevents you from hitting Menkaure.
You punch Menkaure.
Menkaure is heavily damaged.
Menkaure hits you.
The crimson imp blinks!
You barely miss Menkaure. You bite Menkaure.
Menkaure's magic leaks into the air.
You drain his magic.
You feel invigorated.
Menkaure is heavily damaged.
Menkaure hits you!!
Ouch! That really hurt!
You die...

..# #..#.....#....# #.#
.(.#####........##.###.###
..#..#..#M....#.##..5....5
.#...#...#...#..##..######
#...#.#...###...##........
#..#...#5.#..#..##.####...
#.....###...#.##.# #.##
#.....#..#....##.# #
#.....#@..#(..##..
#.#...#M#......###
#...#.#.ยง.#.....#
................#
.#####.########## .. ...
... ....


You could see Menkaure.

Vanquished Creatures
  A gnoll (D:3)
  2 adders (D:3)
  4 orcs
  A goblin (D:3)
  2 hobgoblins
  3 jackals (D:3)
  2 bats
  6 kobolds
  2 rats
23 creatures vanquished.

Vanquished Creatures (others)
  2 plants (D:1)
2 creatures vanquished.

Grand Total: 25 creatures vanquished

Notes
Turn   | Place    | Note
-------+----------+-------------------------------------------
     0 | D:1      | iamserjio the Vine Stalker Skald began the quest for the Orb.
     0 | D:1      | Reached XP level 1. HP: 11/11 MP: 4/4
   194 | D:3      | Reached XP level 2. HP: 9/15 MP: 1/6
   215 | D:3      | Reached XP level 3. HP: 9/18 MP: 7/7
   219 | D:3      | Learned a level 2 spell: Song of Slaying
   259 | D:3      | Learned a level 3 spell: Regeneration
   362 | D:3      | Found a stormy altar of Qazlal.
   486 | D:4      | Noticed Menkaure
   509 | D:4      | Slain by Menkaure

Vault maps used:
D:1:      onia_arrival_larder, serial_bayou_lagoon_a
D:2:      uniq_robin
D:3:      grunt_ministairs_2, nicolae_qazlal_eye_of_the_storm
D:4:      lemuel_temple_firewalk_b, first_ration, minmay_splitting_lines,
          bh_chokoban, uniq_menkaure

Skill      XL: |  1  2 |
---------------+-------+-----
Fighting       | 2 |  2.5
Unarmed Combat | 3 |  3.5
Armour         | |  0.7
Dodging        | |  1.5
Spellcasting   | |  2.1
Charms         | |  3.0

Action                   || total
-------------------------++-------
Melee: Unarmed           ||    80
       Bite              ||    11
       Punch             ||     2
 Cast: Infusion          ||     4
  Use: Potion            ||     2
       Scroll            ||     3
 Stab: Sleeping          ||     1
Armor: Leather armour    ||     4
       Skin              ||    28
       Ring mail         ||     4
Dodge: Dodged            ||    34

Table legend:
 A = Spawn XP
 B = Non-spawn XP
 C = Spawn XP percentage of total XP
 D = Spawn monster count
 E = Non-spawn monster count
 F = Spawn count percentage of total count
 G = Total turns spent on level
                    A         B        C        D         E        F      G
               +---------+---------+-------+---------+---------+-------+---------
         Total |       0 |      77 |   0.0 |       0 |      23 |   0.0 |   509
               +---------+---------+-------+---------+---------+-------+---------
           D:1 |       0 |       5 |   0.0 |       0 |       4 |   0.0 |   123
           D:2 |       0 |       2 |   0.0 |       0 |       1 |   0.0 |    57
           D:3 |       0 |      67 |   0.0 |       0 |      17 |   0.0 |   254
           D:4 |       0 |       3 |   0.0 |       0 |       1 |   0.0 |    75
               +---------+---------+-------+---------+---------+-------+---------
